 Dungeon Crawl Stone Soup version 0.29.0-5-ge4962eb29e (webtiles) character file.

Game seed: 16744983436227480435

683 Godmorgon the Chopper (level 7, 0/88 HPs)
             Began as a Palentonga Fighter on Aug 28, 2022.
             Was a Follower of Okawaru.
             Slain by a killer bee (2 damage)
             ... on level 5 of the Dungeon.
             The game lasted 00:13:03 (3899 turns).

Godmorgon the Chopper (Palentonga Fighter)          Turns: 3899, Time: 00:13:04

Health: 0/88       AC: 23    Str: 23    XL:     7   Next: 35%
Magic:  4/7        EV:  1    Int:  9    God:    Okawaru [*.....]
Gold:   187        SH:  4    Dex:  9    Spells: 6/6 levels left

rFire   + . .      SeeInvis +   b - staff of poison
rCold   + . .      Faith    .   c - +0 buckler
rNeg    + . .      Spirit   .   (body armour currently unavailable)
rPois   +          Reflect  .   (helmet currently unavailable)
rElec   +          Harm     .   (cloak currently unavailable)
rCorr   +          Rampage  .   (gloves currently unavailable)
Will    .....      NoTele   +   (no barding)
Stlth   +.........              (no amulet)
HPRegen 0.24/turn               j - ring of positive energy
MPRegen 0.10/turn               (no ring)

@: tree-form, resistant, hasted, very quick
A: stationary, stasis, torment immunity, boosted hp, large, rugged brown scales
3, see invisible, (deformed body), (roll 1), (armoured tail), (reflexive curl)
a: Renounce Religion, Heroism


You were on level 5 of the Dungeon.
You worshipped Okawaru.
Okawaru was aware of your devotion.
You were a tree.
You visited 2 branches of the dungeon, and saw 6 of its levels.

You collected 187 gold pieces.

Inventory:

Hand Weapons
 a - a +0 war axe
Missiles
 e - 6 poisoned darts
 B - 3 boomerangs
Armour
 c - a +0 buckler (worn)
 v - a +0 scale mail (melded)
Magical Staves
 b - a staff of poison (weapon)
Jewellery
 d - a ring of ice
 j - a ring of positive energy (left branch)
Scrolls
 f - 2 scrolls of fog
 g - 4 scrolls of fear
 m - 2 scrolls of immolation
 n - a scroll of amnesia {unknown}
 t - a scroll of vulnerability {unknown}
 u - a scroll of teleportation {unknown}
 w - a scroll of acquirement {unknown}
 x - a scroll of magic mapping {unknown}
 y - a scroll of torment {unknown}
 z - a scroll of poison {unknown}
 A - a scroll of enchant armour {unknown}
 C - a scroll of enchant weapon {unknown}
 D - a scroll of noise {unknown}
Potions
 h - 4 potions of haste
 k - a potion of brilliance
 l - 4 potions of lignification
 q - 4 potions of magic
 s - a potion of flight


   Skills:
 + Level 5.5 Fighting
 * Level 6.9 Axes
 - Level 2.4 Armour
 - Level 2.6 Shields


You had 6 spell levels left.
You didn't know any spells.
Your spell library was empty.

Dungeon Overview and Level Annotations

Branches:
Dungeon (5/15)             Temple (1/1) D:4

Altars:
Ashenzari
Cheibriados
Fedhas
Gozag
Hepliaklqana
Makhleb
Okawaru
Qazlal
Ru
Sif Muna
Trog
Uskayaw
Xom
Zin
The Shining One


Innate Abilities, Weirdness & Mutations

You are a tree.
Your roots penetrate the ground, keeping you stationary.
You cannot be teleported.
You are immune to unholy pain and torment.
Your maximum health is greatly increased.
Your equipment is partially melded.
(You are completely covered in rugged brown scales. (AC +3, +7% HP))
You have supernaturally acute eyesight. (SInv)
((Armour fits poorly on your strangely shaped body.))
((You can roll at nearby foes to attack.))
((You have a long armoured tail.))
((You curl defensively after being hit. (AC +7*)))


Message History

You hit the killer bee.
The killer bee is heavily wounded.
The killer bee seems to regain its courage.
The killer bee stings you.
* * * LOW HITPOINT WARNING * * *
You block the killer bee's attack.
You closely miss the killer bee.
The killer bee is heavily wounded.
The killer bee stings you.
* * * LOW HITPOINT WARNING * * *
You block the killer bee's attack.
You barely miss the killer bee.
The killer bee is heavily wounded.
The killer bee stings you but does no damage.
You completely miss the killer bee.
The killer bee is heavily wounded.
The killer bee stings you but does no damage.
The killer bee stings you.
* * * LOW HITPOINT WARNING * * *
You closely miss the killer bee.
The killer bee is heavily wounded.
You block the killer bee's attack.
The killer bee stings you but does no damage.
You closely miss the killer bee.
The killer bee is heavily wounded.
The killer bee stings you but does no damage. x2
You hit the killer bee but do no damage.
The killer bee is heavily wounded.
The killer bee stings you!
* * * LOW HITPOINT WARNING * * *
Okay, then.
It was a potion of flight.
Your roots keep you in place.
The killer bee stings you but does no damage. x2
It was a potion of resistance.
You feel protected. You block the killer bee's attack.
You hit the killer bee but do no damage.
The killer bee is heavily wounded.
You block the killer bee's attack. The killer bee stings you.
You die...

.. +.###.#.........
...#...#...........
.........>.........
......y..##############
.........#............#
##.....#†#.#####.#.##.#
#.....#y#.# #.#.#.<#
#.....#y#.# #.#.#..#
#.....#♣#.# #.#.#..#
#.....#.#.# #.#.#..#
#.....#.#.# #.#.#..#
#.....#.#.# #.#.....
#.#.#####.########
#.#......)........
#.#.#####.########
#.### ###.# #.# #...#


You could see 2 killer bees.

Vanquished Creatures
  Sigmund (D:5)
  Menkaure (D:4)
  A black bear (D:4)
  A scorpion (D:5)
  2 killer bees (D:5)
  An orc priest (D:4)
  An iguana (D:5)
  A gnoll (D:4)
  2 adders (D:2)
  A worm (D:2)
  A dart slug (D:1)
  11 orcs
  A bat (D:1)
  9 endoplasms
  3 giant cockroaches
  A goblin (D:1)
  5 hobgoblins
  3 jackals
  6 quokkas
  A ball python (D:2)
  2 frilled lizards (D:1)
  8 kobolds
  3 rats
  A butterfly (D:4)
67 creatures vanquished.

Vanquished Creatures (others)
  3 plants (D:2)
3 creatures vanquished.

Grand Total: 70 creatures vanquished

Notes
Turn   | Place    | Note
-------+----------+-------------------------------------------
     0 | D:1      | Godmorgon the Palentonga Fighter began the quest for the
                  | Orb.
     0 | D:1      | Reached XP level 1. HP: 19/19 MP: 1/1
   187 | D:1      | Reached XP level 2. HP: 20/25 MP: 2/2
   664 | D:1      | Reached skill level 3 in Axes
   686 | D:1      | Reached XP level 3. HP: 23/31 MP: 3/3
  1180 | D:2      | Found a faded altar of an unknown god.
  1818 | D:3      | Reached XP level 4. HP: 39/39 MP: 4/4
  1903 | D:3      | Found a shimmering blue altar of Sif Muna.
  2312 | D:4      | Noticed Menkaure
  2312 | D:4      | Found a staircase to the Ecumenical Temple.
  2315 | D:4      | Killed Menkaure
  2316 | D:4      | Reached skill level 4 in Axes
  2316 | D:4      | Reached XP level 5. HP: 44/44 MP: 5/5
  2323 | Temple   | Entered the Ecumenical Temple
  2337 | Temple   | Became a worshipper of Warmaster Okawaru
  2548 | D:4      | Reached skill level 5 in Axes
  2756 | D:4      | Found a sacrificial altar of Ru.
  2799 | D:4      | Found an opulent altar of Gozag.
  2802 | D:4      | Found a glowing golden altar of the Shining One.
  2924 | D:4      | Found a hazy altar of Hepliaklqana.
  2924 | D:4      | Found a glowing silver altar of Zin.
  2950 | D:4      | Noticed a black bear
  2957 | D:4      | Killed a black bear
  2958 | D:4      | Reached XP level 6. HP: 40/52 MP: 6/6
  3275 | D:5      | Entered Level 5 of the Dungeon
  3573 | D:5      | Noticed Sigmund
  3581 | D:5      | Killed Sigmund
  3581 | D:5      | Reached * piety under Okawaru
  3582 | D:5      | Reached skill level 5 in Fighting
  3582 | D:5      | Reached skill level 6 in Axes
  3582 | D:5      | Gained mutation: You curl defensively after being hit. (AC
                  | +7*) [Palentonga growth]
  3582 | D:5      | Reached XP level 7. HP: 43/59 MP: 7/7
  3896 | D:5      | HP: 1/88 [killer bee (7)]
  3899 | D:5      | Slain by a killer bee

Illustrated notes

Levels and vault maps discovered:
D:1:      scummos_arrival_simple_crosswalls, layout_rooms
D:2:      minmay_alternating_diamond, layout_basic,
          shapermc_ecumenical_altar_mp_ritualfount
D:3:      layout_loops_ring, mainiacjoe_overflow_paths,
          chequers_serial_rivers_small_b
D:4:      layout_cave_pools, kennysheep_mini, mainiacjoe_overflow_divided_tiny,
          nicolae_overflow_squiral, minmay_temple_entry_butterflies,
          st_stairs_11, minmay_close_crescents, uniq_menkaure
D:5:      layout_basic, nicolae_shop_self_help, uniq_sigmund
Temple:   hellmonk_temple_rainy

Skill      XL: |  1  2  3  4  5  6 |
---------------+-------------------+-----
Axes           | 3 4 5 6 |  6.9
Fighting       | 4 5 |  5.5
Armour         | |  2.4
Shields        | |  2.6

Action                   |  1- 3 |  4- 6 |  7- 9 || total
-------------------------+-------+-------+-------++-------
Melee: War axe           |   102 |    68 |     6 ||   176
       Tailslap          |     7 |    11 |     1 ||    19
       Staff             |       |       |    48 ||    48
Throw: Dart              |       |     3 |       ||     3
Invok: Heroism           |       |       |     4 ||     4
 Abil: Rolling Charge    |    27 |    13 |     1 ||    41
  Use: Potion            |       |     2 |     8 ||    10
       Scroll            |       |     8 |     1 ||     9
Armor: Scale mail        |    42 |    24 |    24 ||    90
       Skin              |       |       |    11 ||    11
Dodge: Dodged            |    28 |    20 |    33 ||    81
Block: Buckler           |    11 |    13 |    15 ||    39
